[Event "Prague Festival-Masters 2022"]
[Site "Prague"]
[Date "2022.06.14"]
[Round "6.4"]
[White "Anton Guijarro, David"]
[Black "Shankland, Sam"]
[Result "1/2-1/2"]
[ECO "B53"]
[WhiteElo "2691"]
[BlackElo "2718"]
[Annotator "TA"]
[PlyCount "118"]
[EventDate "2022.06.07"]
[EventType "tourn"]
[EventCountry "CZE"]
[SourceTitle "playchess.com"]
[Source "ChessBase"]
[SourceQuality "1"]
[TimeControl "40/5400+30:1800+30"]

1. e4 c5 2. Nf3 d6 3. d4 cxd4 4. Qxd4 Nf6 5. Nc3 Nc6 6. Qd3 {[%emt 0:00:34] B53: Sicilian: 2...d6: Lines with Qxd4.} Bd7 {[%emt 0:06:56] [#]} 7. Nd5 $146 ({Predecessor:} 7. Bg5 a6 8. O-O-O g6 9. Bxf6 exf6 10. Kb1 Rc8 11. g3 Be6 12. h4 Qa5 13. a3 {½-½ (73) Apurwa,S-Agrawal,A Chess.com INT 2021}) 7... e6 8. Nxf6+ Qxf6 9. Be2 Be7 10. O-O Qg6 {[%emt 0:02:43] Prevents Bg5.} 11. c3 O-O 12. Nd2 Rad8 13. f4 d5 14. f5 exf5 15. exf5 Qd6 16. Nb3 Bf6 17. Bf4 Be5 18. Bxe5 Nxe5 19. Qg3 Qf6 20. Qf2 b6 21. Nd4 Rfe8 22. Rad1 h6 23. h3 Nc4 24. Bxc4 dxc4 25. Rde1 Bc6 26. Qf4 Ba8 27. Re3 Qg5 28. Qxg5 {[%emt 0:00:57] Active counter play!} hxg5 29. Rfe1 Kf8 30. Kf2 Rxe3 31. Rxe3 $11 {[%emt 0:00:04][%mdl 4096] Endgame KRB-KRN} Rd5 32. g4 Bb7 33. Kg3 f6 34. h4 gxh4+ 35. Kxh4 Kf7 36. Kg3 Bc8 37. Kf4 Bd7 38. Rh3 Kg8 39. a3 a5 40. Rh1 b5 41. g5 fxg5+ 42. Kxg5 Re5 43. Kf4 Rc5 44. Rg1 Kf7 45. Rg5 {[%emt 0:02:42][%cal Od4e6] [#] And now Ne6! would win.} Rd5 46. Ke4 (46. Nf3 $5 ) 46... Rd6 47. Rg2 Rh6 48. Ke5 (48. Kd5 $5 ) 48... Rh5 {[%emt 0:01:15] The position is equal.} 49. Kf4 Rh1 50. Ke5 {[%emt 0:01:33] Black should prevent Ne6.} Rh5 51. Kf4 Rh1 52. Ke4 Rh5 53. Ke5 Bxf5 54. Nxf5 {[%emt 0:00:21] KRN-KR} g6 {[%emt 0:00:00][%mdl 64] [#] Pin} 55. Rf2 {[%emt 0:00:10][%cal Oe5e4] Hoping for Ke4!} Ke8 $1 56. Ke4 {[%emt 0:00:35] Strongly threatening Ng7+.} gxf5+ 57. Rxf5 Rxf5 58. Kxf5 {[%emt 0:00:05] Ke6 would kill now.} Kd7 59. Ke5 {[%emt 0:00:54] Intending Kd5 and mate.} Kc6 {[%emt 0:00:04] Weighted Error Value: White=0.06 (flawless) /Black=0.04 (flawless)} 1/2-1/2

[Event "Prague Festival-Masters 2022"]
[Site "Prague"]
[Date "2022.06.14"]
[Round "6.5"]
[White "Maghsoodloo, Parham"]
[Black "Vallejo Pons, Francisco"]
[Result "1-0"]
[ECO "C02"]
[WhiteElo "2699"]
[BlackElo "2704"]
[Annotator "TA"]
[PlyCount "157"]
[EventDate "2022.06.07"]
[EventType "tourn"]
[EventCountry "CZE"]
[SourceTitle "playchess.com"]
[Source "ChessBase"]
[SourceQuality "1"]
[TimeControl "40/5400+30:1800+30"]

1. e4 e6 2. d4 d5 3. e5 c5 4. c3 Nc6 5. Nf3 Bd7 6. Be2 Nge7 7. Na3 Nf5 {[%emt 0:02:05] C02: French: Advance Variation.} 8. Nc2 Be7 9. O-O (9. dxc5 {looks sharper.} Bxc5 10. O-O Nh4 11. Bf4) 9... cxd4 {[%emt 0:08:46] The position is equal.} 10. cxd4 O-O {[%emt 0:01:05] 10...h5 is not played anymore.} 11. g4 {[%emt 0:06:48] [#]} Nh6 $146 ({Predecessor:} 11... Nh4 12. Nxh4 Bxh4 13. f4 Be7 14. Be3 f6 15. Bd3 Rc8 16. exf6 gxf6 17. g5 Rf7 {0-1 (65) Drazic,S (2310)-Nitish,B (2449) Novi Sad 2022}) 12. h3 f6 13. exf6 Rxf6 14. Nce1 Rf8 15. Nd3 Nf7 16. Be3 Bd6 17. Qd2 Kh8 18. Rac1 a5 19. Kg2 Qf6 20. Nc5 Bxc5 21. Rxc5 Nd6 22. Qd1 Be8 23. Bg5 Qg6 (23... Qf7 $5 ) 24. Bd3 Ne4 25. Be3 Qf6 $1 {[%emt 0:02:51] Inhibits Ne5.} 26. Bxe4 dxe4 27. Ng5 Bg6 {[%emt 0:08:25] [#]} 28. h4 (28. Nxe6 $1 $14 Qxe6 29. d5) 28... h6 $11 29. h5 Bxh5 30. Nxe4 Qg6 31. Ng5 $1 $36 {[%emt 0:00:01][%mdl 2048] White is more active.} (31. f3 $2 Bxg4 $1 32. Ng3 Bf5 $19) 31... hxg5 32. Rh1 {[%emt 0:00:43][%mdl 64] Pin} Qe4+ 33. Kg3 $1 Kg8 34. Rxh5 Rad8 35. Qh1 $1 {[%emt 0:00:12] Dancing on a razor blade.} Qxh1 36. Rxh1 Nxd4 37. Rxa5 (37. Bxg5 Ne2+ 38. Kh4 Rd5 $11) 37... Ne2+ 38. Kh2 $1 Rd5 39. Rxd5 exd5 $16 {[%emt 0:00:02][%mdl 4096] Endgame KRB-KRN} 40. Re1 $1 (40. Bxg5 $6 Rxf2+ 41. Kh3 Rf3+ 42. Kg2 Rg3+ 43. Kf2 Rxg4 $11) 40... Nf4 41. Kg3 Rc8 42. Rd1 Kf7 $1 43. Kf3 Ke6 $1 44. Rd4 Ke5 $1 45. Rb4 Rh8 $2 (45... Rf8 $1 $14 46. Rxb7 (46. Bd4+ Kd6 $14) 46... d4) 46. Bxf4+ $18 ({Worse is} 46. Bd4+ Kd6 47. Ke3 (47. Rb6+ Kc7 $17) 47... Re8+ 48. Kd2 Ne6 $11) 46... gxf4 47. Rxb7 {[%emt 0:00:20] KR-KR} g5 48. a4 Rh1 (48... Ra8 $142) 49. a5 {[%emt 0:08:59] Strongly threatening a6.} Ra1 50. Rb5 Kd4 51. b3 ({White should play} 51. Rb4+ $1 $16 Ke5 52. Rb5) 51... Ra2 52. Kg2 {[%emt 0:00:15] Black must now prevent Rb4+.} Ra3 53. b4 Ra4 ({But not} 53... Kc4 54. Rc5+ Kd4 55. Rc6 $16) 54. Rb6 {[%emt 0:00:16] Hoping for a6.} Kc4 $2 {[%emt 0:00:56][%mdl 8192] White stays focused until the end.} (54... Kc3 $1 $11 {and Black is okay.}) 55. a6 $1 d4 56. b5 $1 d3 57. Kf3 $2 (57. Rd6 $18) 57... Ra1 $2 (57... Kc5 $11 58. Rg6 Kxb5) 58. Rd6 {[%emt 0:00:15] And now Rd8 would win.} Kxb5 59. Rxd3 Kc6 {[%emt 0:00:11] [#] Prevents Rd6+.} 60. Ke4 $1 Rxa6 {[%emt 0:00:24] [#]} 61. Kf5 $1 Ra5+ 62. Kf6 Kc7 63. Rd4 Rb5 64. f3 Ra5 65. Rd3 Rb5 66. Kg6 Re5 67. Rd4 Rc5 68. Kf6 $2 (68. Rd1 {mates} Rb5 69. Kf6 Ra5 70. Re1 Ra3 71. Kxg5 Rxf3 72. Re4 Kd6 73. Rxf4) 68... Rb5 $2 (68... Ra5 $11) 69. Re4 Kd6 70. Re6+ Kd7 71. Re5 Rb3 72. Kxg5 Rxf3 73. Re4 Re3 74. Rxf4 Ke8 75. Kg6 Re7 76. g5 Ra7 77. Kh6 {[%emt 0:00:07] White threatens g6 and mate.} Rf7 78. Rxf7 Kxf7 79. Kh7 {[%emt 0:00:03] Weighted Error Value: White=0.13 (very precise) /Black=0.25 (precise)} 1-0

[Event "Prague Festival-Masters 2022"]
[Site "Prague"]
[Date "2022.06.15"]
[Round "7.1"]
[White "Harikrishna, Pentala"]
[Black "Le, Quang Liem"]
[Result "1/2-1/2"]
[ECO "E48"]
[WhiteElo "2705"]
[BlackElo "2709"]
[Annotator "TA"]
[PlyCount "56"]
[EventDate "2022.06.07"]
[EventType "tourn"]
[EventCountry "CZE"]
[SourceTitle "playchess.com"]
[Source "ChessBase"]
[SourceQuality "1"]
[TimeControl "40/5400+30:1800+30"]

1. d4 Nf6 2. c4 e6 3. Nc3 Bb4 4. e3 O-O 5. Bd3 d5 6. cxd5 exd5 7. Nge2 Re8 8. Bd2 {[%emt 0:00:19] E48: Nimzo-Indian: Rubinstein: 5 Bd3 d5 including 6 Ne2, but excluding 6 a3.} Bd6 9. Qc2 Na6 10. a3 {[%emt 0:01:44] Against Nb4} c5 {[%emt 0:00:16] [#]} 11. f3 $146 ({Predecessor:} 11. Bb5 Bd7 12. Bxd7 Qxd7 13. dxc5 Nxc5 14. O-O Rac8 15. Rfd1 Qg4 16. h3 Qh5 17. Be1 {0-1 (46) Agdestein,S (2586)-Ghosh,D (2556) Chess.com INT 2018}) 11... Nc7 12. O-O b6 13. Rad1 Ba6 (13... Bb7 $15) 14. Bxa6 $11 Nxa6 15. Kh1 Qc8 16. Qd3 (16. e4 {with more complications.} dxe4 17. Bg5 exf3 18. Rxf3 Ng4 19. h3) 16... Nc7 17. e4 {[%emt 0:03:20] Strongly threatening e5.} dxe4 18. fxe4 {[%emt 0:01:11] Black must now prevent e5.} cxd4 19. Nxd4 {[%emt 0:00:06][%cal Be2d4,Bd4f5,Bf5h4][%mdl 32] Black should prevent Bg5.} Qg4 {[%emt 0:09:41] [#] Inhibits Bg5.} (19... Ne6 $11 {keeps the balance.}) 20. Rxf6 $1 $16 gxf6 21. Nf5 Bf8 {[%emt 0:00:22] [#]} 22. h3 $1 {[%emt 0:01:23][%mdl 1024] White has strong compensation.} Qg6 23. Nh4 $36 {[%emt 0:06:09][%mdl 2048] White has strong initiative. 0x0.001762822ac6dp-1022s more active pieces. Pair of Knights!} Rad8 {[%emt 0:04:43] [#]} 24. Qf3 ({Reject} 24. Qxd8 $6 Rxd8 25. Nxg6 fxg6 $11) 24... Qg7 25. Nf5 Qg6 26. Nh4 Qg7 27. Nf5 Qg6 28. Nh4 Qg7 {Weighted Error Value: White=0.10 (very precise) /Black=0.14 (very precise)} 1/2-1/2

[Event "Prague Festival-Masters 2022"]
[Site "Prague"]
[Date "2022.06.15"]
[Round "7.2"]
[White "Vidit, Santosh Gujrathi"]
[Black "Nguyen, Thai Dai Van"]
[Result "1/2-1/2"]
[ECO "D20"]
[WhiteElo "2723"]
[BlackElo "2612"]
[Annotator "TA"]
[PlyCount "44"]
[EventDate "2022.06.07"]
[EventType "tourn"]
[EventCountry "CZE"]
[SourceTitle "playchess.com"]
[Source "ChessBase"]
[SourceQuality "1"]
[TimeControl "40/5400+30:1800+30"]

1. d4 d5 2. c4 dxc4 3. e4 e5 4. Nf3 Bb4+ 5. Nc3 Nf6 6. Nxe5 {[%emt 0:19:37] D20: Queen's Gambit Accepted: 3 e3 and 3 e4.} b5 {[%emt 0:00:14] [#] Prevents Qa4. aiming for ...Nxe4.} 7. f3 O-O 8. a4 {[%emt 0:05:35] White is slightly better.} c5 {[%emt 0:00:19] [#]} 9. dxc5 $146 (9. axb5 cxd4 10. Ra4 (10. Bxc4 $2 dxc3 11. Ke2 Qe7 $19) 10... dxc3 $17) ({White should play} 9. Be3 $1 $14) ({Predecessor:} 9. Be3 cxd4 10. Qxd4 Qe7 11. axb5 Rd8 12. Qxc4 Be6 13. Qe2 Qc7 14. Nc6 Nxc6 15. bxc6 Qxc6 {½-½ (58) Pranav,A (2436)-Praggnanandhaa,R (2619) Cattolica 2022}) 9... Qa5 $11 10. Bf4 Bxc3+ 11. bxc3 Qxc3+ 12. Kf2 Nh5 $1 13. g3 Nxf4 14. gxf4 {[%emt 0:00:01] Chess con chili.} Nd7 $1 15. Be2 ({White should try} 15. Nc6 $11) 15... Nxe5 $15 16. fxe5 {[%emt 0:00:14] [#]} b4 ({Of course not} 16... Qxe5 $6 17. Qd5 Qf4 18. Qxa8 $11) (16... bxa4 $1 $17 {Hoping for ...Be6.} 17. Rxa4 Be6) 17. Qd6 Be6 {[%emt 0:00:06] Strongly threatening ...b3.} (17... b3 $5 18. Rac1 Qa5 19. Bxc4 b2 $11) 18. Rhc1 $1 {[%emt 0:01:17] The position is equal.} Qb2 {[%emt 0:00:10] ...Rad8 is the strong threat.} 19. Rab1 Qa2 {[%emt 0:03:01] And now ...Rad8 would win.} 20. Ra1 ({Don't blunder} 20. Rxb4 $2 Rad8 21. Qe7 Rd2 $19) 20... Qb2 21. Rab1 Qa2 {[%emt 0:00:06] White must now prevent ...Rfd8.} 22. Ra1 ({Don't go for} 22. Rxb4 $2 Rad8 23. Qe7 Rd2 $19) 22... Qb2 {Weighted Error Value: White=0.13 (very precise) /Black=0.12 (very precise)} 1/2-1/2

[Event "Prague Festival-Masters 2022"]
[Site "Prague"]
[Date "2022.06.15"]
[Round "7.3"]
[White "Vallejo Pons, Francisco"]
[Black "Navara, David"]
[Result "1/2-1/2"]
[ECO "C65"]
[WhiteElo "2704"]
[BlackElo "2682"]
[Annotator "TA"]
[PlyCount "154"]
[EventDate "2022.06.07"]
[EventType "tourn"]
[EventCountry "CZE"]
[SourceTitle "playchess.com"]
[Source "ChessBase"]
[SourceQuality "1"]
[TimeControl "40/5400+30:1800+30"]

1. e4 {[%emt 0:00:05] ChessBase Website} e5 2. Nf3 Nc6 3. Bb5 Nf6 4. d3 Bc5 5. O-O Nd4 6. Nxd4 Bxd4 7. c3 {[%emt 0:00:12] C65: Ruy Lopez: Berlin Defence (3...Nf6), unusual lines and 4 0-0 Bc5.} Bb6 8. Ba4 $1 {[%emt 0:00:30][%mdl 4] is currently scoring better than 8.Bg5.} c6 9. Na3 O-O 10. Bg5 h6 11. Bh4 d5 12. exd5 cxd5 {[%emt 0:00:14] [#]} 13. Re1 $146 ({Predecessor:} 13. Bb3 g5 14. Bg3 Re8 15. Re1 Bc7 16. Nc2 Bg4 17. Qd2 d4 18. h3 Bf5 19. Ba4 {½-½ (69) Topalov,V (2785)-Andreikin,D (2709) Khanty-Mansiysk 2014 CBM 160 [ChessBase Website]}) 13... g5 14. Bg3 Bg4 15. Qd2 e4 16. Bb3 Re8 17. Nb5 Nh5 18. dxe4 Nxg3 19. hxg3 {[%emt 0:01:06] Hoping for e5.} a6 20. Nd4 dxe4 21. Re3 Qf6 22. Rae1 Rad8 23. Rxe4 Rxe4 24. Rxe4 Bf5 {[%emt 0:00:08] This bishop pair is nice.} 25. Re3 Bxd4 26. cxd4 Rxd4 27. Qc3 {[%emt 0:01:54] And now Rf3 would win.} Qd8 (27... g4 $11 {keeps the balance.}) 28. Qe1 $16 {[%emt 0:05:16] Black must now prevent Re8+.} Kf8 {[%emt 0:06:38] [#] Against Re8+} 29. Rf3 $1 $36 {[%emt 0:04:21][%mdl 2048] White is on the roll.} Bg6 {[%emt 0:00:07] [#]} 30. Qe5 $1 Kg8 {[%emt 0:00:03][%cal Bf8g8,Bg8h7,Bh7g7][%mdl 32] Prevents Qh8+.} 31. Rf6 {[%emt 0:12:33] White wants to mate with Rxg6+.} Kh7 32. f4 {[%emt 0:00:57] Strongly threatening f5.} ({Reject} 32. Bxf7 Rd1+ 33. Kh2 Rh1+ 34. Kxh1 Qd1+ 35. Kh2 Qh5+ 36. Kg1 Qd1+ 37. Kh2 Qh5+ 38. Kg1 Qd1+ 39. Kh2 $11) 32... Rd7 33. fxg5 (33. f5 $5 Bh5 34. g4 $16) 33... Re7 34. Qf4 {[%emt 0:01:33][%csl LRf7,LRh6] White is more active.} hxg5 35. Qf2 ({Better is} 35. Qxg5 $14 Qd4+ 36. Kh2) 35... Kg7 {[%emt 0:00:54] ...Rc7 is the strong threat.} 36. Rf3 Qd6 37. Re3 Rc7 38. Re1 a5 39. Qe3 Qc5 40. Kf2 b5 41. g4 Kf6 42. a3 Qxe3+ 43. Rxe3 $15 {[%emt 0:01:07][%mdl 4096] Endgame KRB-KRB} Rd7 44. Ke1 Rd4 45. Bd1 Bd3 46. Re8 Re4+ 47. Rxe4 Bxe4 {[%emt 0:00:04] KB-KB} 48. b4 axb4 ({But not} 48... Bxg2 49. bxa5 Ke5 50. Kf2 $11) 49. axb4 Bxg2 50. Kf2 Bd5 51. Ke3 Ke5 52. Be2 Bc4 53. Bd1 Be6 54. Bf3 Bc8 55. Bd1 Bb7 56. Bc2 Bg2 57. Bd3 Bc6 58. Bc2 Bd7 59. Bd1 f6 60. Be2 Bc6 61. Bd3 Bd7 62. Be2 Be6 63. Bf3 Bd7 64. Bd1 Bc6 65. Bc2 Bd7 66. Bd1 $1 f5 67. gxf5 {[%emt 0:00:00] The position is equal.} Kxf5 68. Kf3 Ke5 69. Be2 Be8 {[%emt 0:00:02] ( -> ...Bh5+)} 70. Kg3 Kf5 71. Bd3+ Kf6 72. Be2 Bd7 73. Bd3 Ke5 74. Be2 Kd4 75. Bxb5 Bxb5 76. Kg4 Kc4 77. Kxg5 Kxb4 {[%emt 0:00:04] Weighted Error Value: White=0.06 (flawless) /Black=0.06 (flawless)} 1/2-1/2

[Event "Prague Festival-Masters 2022"]
[Site "Prague"]
[Date "2022.06.15"]
[Round "7.4"]
[White "Salem, A.R. Saleh"]
[Black "Anton Guijarro, David"]
[Result "1-0"]
[ECO "D43"]
[WhiteElo "2690"]
[BlackElo "2691"]
[Annotator "TA"]
[PlyCount "117"]
[EventDate "2022.06.07"]
[EventType "tourn"]
[EventCountry "CZE"]
[SourceTitle "playchess.com"]
[Source "ChessBase"]
[SourceQuality "1"]
[TimeControl "40/5400+30:1800+30"]

1. d4 Nf6 2. c4 e6 3. Nf3 d5 4. Nc3 c6 5. Bg5 h6 6. Bxf6 Qxf6 7. e3 Nd7 8. Be2 Be7 {[%emt 0:06:02] D43: Semi-Slav: 5 Bg5 h6.} 9. O-O O-O 10. Qc2 {[%emt 0:01:25] [#]} g5 $146 {[%emt 0:01:55] The position is equal.} ({Predecessor:} 10... Rd8 11. Rac1 Bf8 12. Rfd1 Qe7 13. h3 b6 14. cxd5 cxd5 15. Bd3 Bb7 16. Qe2 a6 {½-½ (27) Mirkowski,P (2425)-Broniek,M (2485) ICCF email 2020}) 11. cxd5 exd5 12. Bd3 g4 13. Nd2 Nb6 14. Ne2 h5 15. Ng3 Qg5 16. f4 Qh6 17. Nb3 Bd7 18. Nc5 $36 {[%emt 0:02:48][%mdl 2048] White is more active.} Bxc5 (18... Bc8 $11) 19. dxc5 $14 Nc8 20. Rae1 Ne7 21. Ne2 Rfe8 22. Nd4 Qf6 23. Re2 (23. a4 $14) 23... Kg7 (23... Ng6 $11) 24. Qc3 {[%emt 0:00:19] White is much more active.} Ng8 25. Rfe1 Nh6 26. g3 Re7 {[%emt 0:03:29] Black is on the road to losing.} (26... Kf8 $14) 27. e4 $16 dxe4 28. Rxe4 (28. Bxe4 $6 Rae8 $14) 28... Rxe4 29. Rxe4 (29. Bxe4 Re8 $14) 29... h4 (29... Re8 $16 {is a better defense.}) 30. Re5 {[%emt 0:01:25][%cal Od4c6] Hoping for Nxc6!} hxg3 (30... Ng8 $142 31. Nb3 Be6) 31. hxg3 Kf8 {[%emt 0:03:30] [#]} 32. Nb5 $1 {[%emt 0:02:11][%mdl 512] Threatens to win with Nc7.} Ng8 (32... cxb5 $2 33. Re8+ $3 Kg7 34. Qxf6+ Kxf6 35. Rxa8 $18) 33. Nd6 Be6 34. Bf5 Bd5 35. Bxg4 b6 $2 (35... Qh6 36. Bf3 Nf6) 36. Bc8 $18 Rxc8 37. Nxc8 Qh6 {[%emt 0:00:14] [#]} 38. Rxd5 $1 cxd5 {[%emt 0:00:04][%mdl 4096] Endgame KQN-KQN} 39. Nd6 (39. Nxa7 bxc5 40. Qxc5+ Kg7 $18) (39. c6 $18 {is more deadly. Strongly threatening c7.} Qe6 40. Nd6 $1 ) 39... Qh5 {[%emt 0:01:15] [#]} (39... Qg6 $16 {might work better.}) 40. cxb6 $1 axb6 41. Qc8+ Kg7 42. Nf5+ Kh7 43. Qc2 {[%emt 0:00:16] Against Qd1+} Kg6 44. Ne3+ Kg7 45. Qf5 Qf3 46. Qg4+ ({Weaker is} 46. Nxd5 Qd1+ 47. Kf2 Qd2+ 48. Kf3 Qd1+ 49. Ke3 Qc1+ 50. Kf3 Qf1+ 51. Ke3 Qc1+ 52. Kd4 (52. Kf3 Qf1+ 53. Ke3 Qc1+ $16) 52... Qxb2+ 53. Nc3 (53. Ke3 Qxa2 54. g4 Qg2 $14) 53... Ne7 54. Qe5+ Kf8 $16) ({Less strong is} 46. Qg5+ Kh7 47. Nxd5 b5 $18) 46... Qxg4 47. Nxg4 {[%emt 0:00:04] KN-KN} Kg6 (47... Kf8 $142 48. Kf2 Ke7) 48. Kf2 Kf5 49. Kf3 Ke6 50. Ne5 Ne7 51. g4 f6 52. Nd3 f5 53. g5 {[%emt 0:00:50] White is clearly winning.} d4 54. a4 Kd5 55. Ne5 Kc5 56. g6 Kb4 57. g7 {[%emt 0:00:05][%cal Oe5c6] Black must now prevent Nc6+!} Ng8 58. Ke2 Kxa4 59. Kd3 {[%emt 0:00:26] Weighted Error Value: White=0.12 (very precise) /Black=0.31} 1-0

[Event "Prague Festival-Masters 2022"]
[Site "Prague"]
[Date "2022.06.15"]
[Round "7.5"]
[White "Shankland, Sam"]
[Black "Maghsoodloo, Parham"]
[Result "1-0"]
[ECO "B90"]
[WhiteElo "2718"]
[BlackElo "2699"]
[Annotator "TA"]
[PlyCount "151"]
[EventDate "2022.06.07"]
[EventType "tourn"]
[EventCountry "CZE"]
[SourceTitle "playchess.com"]
[Source "ChessBase"]
[SourceQuality "1"]
[TimeControl "40/5400+30:1800+30"]

1. e4 c5 2. Nf3 d6 3. d4 cxd4 4. Nxd4 Nf6 5. Nc3 a6 6. h3 e5 7. Nb3 Be6 {[%emt 0:00:30] B90: Sicilian Najdorf: Unusual White 6th moves, 6 Be3 Ng4 and 6 Be3 e5.} 8. f4 b5 9. f5 Bc8 {[%emt 0:08:56] The position is equal.} (9... Nxe4 $2 10. Nxe4 Qh4+ 11. Nf2 $18) 10. Bg5 Nbd7 11. a4 b4 12. Nd5 Bb7 13. Qf3 {[%emt 0:00:30] [#]} (13. Bc4 $5 ) 13... Bxd5 $146 ({Predecessor:} 13... Be7 14. Bxf6 Nxf6 15. Nxf6+ Bxf6 16. O-O-O Rc8 17. Kb1 O-O 18. Bd3 d5 19. h4 dxe4 20. Bxe4 {½-½ (42) Shpakovsky,A (2544)-Dothan,Y (2546) ICCF email 2020}) 14. exd5 Be7 15. O-O-O Qc7 (15... Nb6 $11) 16. g4 $14 Nb6 17. Bd2 Rc8 (17... Nbxd5 $2 18. g5 Rc8 19. Na1 $18 (19. Bd3 e4 $14)) (17... Nfxd5 $2 18. a5 $18) 18. Bd3 {[%emt 0:00:41] Active counter play!} h6 (18... Nfxd5 $2 19. a5 $18) (18... Nfd7 $11) 19. h4 $1 $16 Nc4 (19... Nxa4 20. g5 $16) (19... Nfxd5 $2 20. a5 $18) (19... Nbd7 $14) 20. g5 (20. Bxb4 e4 21. Bxe4 Ne5 $17) ({White should try} 20. Kb1 $1 $16) 20... e4 $1 $14 21. Bxe4 {[%emt 0:00:04] And now Bf4 would win.} Ne5 22. Qe2 Nxe4 23. Qxe4 {[%emt 0:00:05] Threatens to win with Kb1.} Qc4 24. Qxc4 Rxc4 25. Na5 Rg4 26. f6 gxf6 27. gxh6 Bf8 28. Rdf1 (28. Nc6 $14) 28... Bxh6 $11 29. Rxf6 Bxd2+ 30. Kxd2 Ke7 31. Rf5 Rd4+ 32. Ke2 Rxd5 33. Nc4 (33. Nc6+ $2 Ke6 34. Rxe5+ dxe5 35. Nxb4 Rd4 36. Nxa6 Rdxh4 37. Nc7+ Kd6 38. Nb5+ Kc5 39. Rxh4 Rxh4 $19) 33... Ke6 34. Rf4 a5 35. Ne3 Rc5 36. Rhf1 Rh7 37. b3 Kd7 (37... Ng6 {feels hotter.} 38. Rf6+ Ke7 39. R6f5 Ke6) 38. Rd1 Rh6 39. Rdd4 Re6 40. Kd2 Rc3 41. Rf5 Re8 (41... Nc6 $1 $11 {remains equal.} 42. Rd3 (42. Rxf7+ $2 Ke8 $19) 42... Rxd3+ 43. Kxd3 (43. cxd3 Nd4 $11) 43... Ne5+ 44. Ke2 Rh6) 42. h5 $1 $16 Ke6 43. Rdf4 $1 Rc5 44. Rf6+ Ke7 45. Rh6 (45. h6 $1 $16) 45... Kd7 (45... Rg8 $1 $11 {should be considered.}) 46. Rh7 (46. Rf1 $14) 46... Rg8 $1 $11 47. h6 Ke6 48. Rg7 Rxg7 (48... Rh8 $1 $11) 49. hxg7 {[%emt 0:00:01][%mdl 4096] Endgame KRN-KRN} Rc8 50. Nf5 {[%emt 0:01:05] Nh6 is the strong threat.} Rg8 51. Ke3 f6 $2 (51... Nc6 $16 {keeps fighting.}) 52. Rf1 $18 Ng6 53. Nd4+ $2 (53. Kd3 $1 $18) 53... Kf7 $14 54. Nf5 $2 (54. Rg1 $14) 54... Ke6 $1 $18 55. Kd4 {[%emt 0:02:40] Hoping for Kc4.} Ne7 56. Re1+ $1 Kxf5 57. Rxe7 {[%emt 0:00:06] KR-KR} Kg6 58. Ra7 f5 ({Better is} 58... Rxg7 $18 59. Rxa5 f5) 59. Rxa5 $16 {[%emt 0:00:52] aiming for Ra7.} Rxg7 60. Rd5 Re7 $2 (60... Rc7 $16) 61. Rxd6+ $18 Kg5 62. Kc5 f4 63. Kxb4 f3 64. Rd1 $1 Rb7+ (64... Kf4 $142 65. Rf1 Kg3) 65. Ka5 Kf4 {[%emt 0:00:07] [#]} 66. b4 $1 Ra7+ 67. Kb5 Rb7+ 68. Kc5 {[%emt 0:00:24] Strongly threatening a5.} ({Weaker is} 68. Kc4 Ke3 $16) 68... f2 69. a5 {[%emt 0:00:33][%cal Ba4a5,Ba5a6][%mdl 32] Threatening mate with Rf1.} Ke3 70. Rf1 {[%emt 0:01:41] White threatens b5 and mate.} Rc7+ 71. Kb6 {[%emt 0:00:04] White mates.} Rxc2 72. a6 Ke2 {[%emt 0:01:26] [#]} 73. Rxf2+ $3 Kxf2 {[%emt 0:00:05] [#]} 74. b5 $1 Ke3 75. Ka7 Rc8 76. b6 {[%emt 0:00:00] Weighted Error Value: White=0.21 (precise) /Black=0.19 (very precise)} 1-0

[Event "Prague Festival-Masters 2022"]
[Site "Prague"]
[Date "2022.06.16"]
[Round "8.1"]
[White "Le, Quang Liem"]
[Black "Vidit, Santosh Gujrathi"]
[Result "1/2-1/2"]
[ECO "D50"]
[WhiteElo "2709"]
[BlackElo "2723"]
[Annotator "TA"]
[PlyCount "161"]
[EventDate "2022.06.07"]
[EventType "tourn"]
[EventCountry "CZE"]
[SourceTitle "playchess.com"]
[Source "ChessBase"]
[SourceQuality "1"]
[TimeControl "40/5400+30:1800+30"]

1. d4 Nf6 2. c4 e6 3. Nf3 d5 4. Nc3 c5 5. cxd5 cxd4 6. Qxd4 exd5 7. Bg5 Be7 8. e3 O-O {[%emt 0:00:14] D50: Queen's Gambit Declined: Dutch-Peruvian Gambit.} 9. Rd1 Be6 10. Bd3 h6 {[%emt 0:00:56] White has an edge.} 11. Bh4 Nc6 12. Qa4 Qb6 13. Rd2 Rfd8 14. O-O {[%emt 0:00:12] [#]} Kf8 $146 ({Predecessor:} 14... Rac8 15. h3 Kf8 16. Bb1 Na5 17. Qb5 Nc4 18. Qxb6 axb6 19. Re2 Nxb2 20. Rxb2 Rxc3 21. Rxb6 {1-0 (79) Praggnanandhaa,R (2642)-Ding,L (2806) chess24.com INT 2022}) 15. Bb1 Na5 16. Qb5 Nc4 17. Qxb6 axb6 18. Re2 g5 19. Bg3 Bg4 20. h3 Bxf3 21. gxf3 d4 22. exd4 Rxd4 23. Kg2 Rad8 24. Rc1 $36 {[%emt 0:03:15][%mdl 2048] White has some pressure.} (24. Rfe1 {with more complications.} Bb4 25. a3 Bxc3 26. bxc3 Rd2 27. a4) 24... Rd2 25. b3 Rxe2 26. Nxe2 Na3 27. Bf5 Nb5 28. Rc8 Rxc8 29. Bxc8 Nd6 30. Bxd6 Bxd6 $14 {[%emt 0:00:02][%mdl 4096] Endgame KBN-KBN} 31. f4 Nd5 32. fxg5 ({But not} 32. Bxb7 Nxf4+ 33. Nxf4 Bxf4 $11) 32... hxg5 33. Kf3 Nb4 34. a4 Bc5 35. Bxb7 Nc2 36. Kg2 Ne1+ 37. Kg3 f5 {[%emt 0:01:52] Inhibits Be4.} 38. f3 Ke7 39. h4 gxh4+ 40. Kxh4 Kf6 41. f4 Bb4 42. Kg3 Nc2 43. Ba6 Be1+ 44. Kf3 Bd2 45. Bc4 Bb4 46. Ng3 Ne1+ 47. Kf2 Nc2 $1 48. Ke2 Bd6 49. Kd3 Nb4+ 50. Kc3 Na2+ 51. Kb2 Nb4 52. Ne2 Nc6 53. Kc3 Ne7 54. Kd4 Bc5+ 55. Kd3 Ng6 56. Bd5 Bd6 57. Ke3 Bc5+ 58. Kf3 Bd6 59. Bc4 Nh4+ 60. Kf2 Ng6 61. Ke3 Bc5+ 62. Kf3 Bd6 63. Bb5 Nh4+ 64. Kf2 Ng6 65. Ke3 Ke7 {[%emt 0:00:19] Inhibits Be8.} 66. Bc6 Bc5+ 67. Kd3 Bd6 68. Kc4 Nxf4 69. Nd4 Kd8 70. Nxf5 Be5 71. b4 Kc7 72. Be4 Bf6 73. Bh1 Ng6 74. Kb5 Ne7 75. Ne3 Bd4 76. Nc2 Bf2 77. Ka6 Nf5 78. b5 Nd4 {[%emt 0:05:46] The position is equal.} 79. Nb4 Ne6 80. Ka7 Nc5 81. Na6+ {[%emt 0:42:47] Weighted Error Value: White=0.04 (flawless) /Black=0.03 (flawless)} 1/2-1/2